 Dungeon Crawl Stone Soup version 0.32-a0-913-g739538afd8 (webtiles) character file.

Game seed: 9778549657671464202

19454 Rennog the Slicer (level 12, -4/92 HPs)
             Began as a Gnoll Wanderer on Apr 8, 2024.
             Was an Elder of Yredelemnul.
             Slain by a komodo dragon (14 damage)
             ... on level 12 of the Dungeon.
             The game lasted 00:21:34 (9821 turns).

Rennog the Slicer (Gnoll Wanderer)                  Turns: 9821, Time: 00:21:34

Health: -4/92      AC: 19    Str: 14    XL:     12   Next: 69%
Magic:  25/25      EV: 15    Int: 10    God:    Yredelemnul [****..]
Gold:   612        SH:  0    Dex: 19    Spells: 29/29 levels left

rFire   . . .        s - +9 falchion of Jodduver {drain, rElec Dex+3}
rCold   . . .        (no shield)
rNeg    . . .        w - +0 chain mail
rPois   .            t - +0 helmet
rElec   +            f - +2 cloak
rCorr   .            (no gloves)
SInv    +            x - +2 pair of boots
Will    .....        (no amulet)
Stlth   ++           q - +5 ring of evasion
HPRegen 0.35/turn    m - ring of see invisible
MPRegen 0.19/turn

%: no passive effects
@: wreathed by umbra, studying Staves
A: fangs 1, strong nose, distributed training
a: Renounce Religion, Light the Black Torch, Recall Undead Harvest, Hurl
Torchlight, Bind Soul


You were on level 12 of the Dungeon.
You worshipped Yredelemnul.
Yredelemnul was aware of your devotion.
You visited 1 branch of the dungeon, and saw 12 of its levels.
You also visited: Sewer.

You collected 612 gold pieces.

Inventory:

Hand Weapons
 a - a +2 short sword
 b - a +0 falchion
 s - the +9 falchion of Jodduver (weapon) {drain, rElec Dex+3}
   (You found it in a sewer)

   Dex+3:     It affects your dexterity (+3).
   rElec:     It insulates you from electricity.
 u - a +0 arbalest
Missiles
 p - 6 javelins (quivered)
 y - 37 poisoned darts
Armour
 c - a +0 scale mail
 f - a +2 cloak (worn)
 t - a +0 helmet (worn)
 w - a +0 chain mail (worn)
 x - a +2 pair of boots (worn)
Jewellery
 m - a ring of see invisible (right hand)
 q - a +5 ring of evasion (left hand)
 B - a ring of wizardry
 Q - a +6 ring of intelligence
Talismans
 o - a blade talisman
 J - a maw talisman
Wands
 F - a wand of flame (29)
 I - a wand of charming (4)
 R - a wand of acid (7)
Scrolls
 d - a scroll of blinking
 h - 2 scrolls of acquirement {unknown}
 i - 11 scrolls of identify {unknown}
 j - 8 scrolls of teleportation {unknown}
 k - a scroll of silence {unknown}
 r - a scroll of noise {unknown}
 C - 3 scrolls of amnesia {unknown}
 H - a scroll of fog {unknown}
 M - a scroll of enchant weapon {unknown}
 O - a scroll of vulnerability {unknown}
 S - a scroll of revelation {unknown}
Potions
 e - 3 potions of heal wounds {unknown}
 g - 3 potions of brilliance {unknown}
 l - 2 potions of might {unknown}
 n - 3 potions of curing {unknown}
 v - 2 potions of berserk rage {unknown}
 z - 3 potions of degeneration {unknown}
 A - a potion of resistance {unknown}
 D - a potion of ambrosia {unknown}
 E - a potion of mutation {unknown}
 G - 3 potions of attraction {unknown}
 K - 2 potions of cancellation {unknown}
 L - 3 potions of enlightenment {unknown}
 N - a potion of invisibility {unknown}
Miscellaneous
 P - a lightning rod (4/4)


   Skills:
 + Level 7.8 Fighting
 + Level 12.9 Short Blades
 + Level 8.3 Long Blades
 + Level 7.8 Axes
 + Level 7.8 Maces & Flails
 + Level 7.8 Polearms
 + Level 8.2 Staves
 + Level 7.8 Ranged Weapons
 + Level 7.8 Throwing
 + Level 9.1 Armour
 + Level 7.8 Dodging
 + Level 7.8 Stealth
 + Level 7.8 Shields
 + Level 7.8 Unarmed Combat
 + Level 9.3 Spellcasting
 + Level 6.5 Conjurations
 + Level 6.5 Hexes
 + Level 6.5 Summonings
 + Level 6.5 Necromancy
 + Level 6.5 Translocations
 + Level 6.5 Fire Magic
 + Level 6.5 Ice Magic
 + Level 6.5 Air Magic
 + Level 6.5 Earth Magic
 + Level 6.5 Alchemy
 + Level 8.5 Invocations
 + Level 7.8 Evocations
 + Level 7.1 Shapeshifting


You had 29 spell levels left.
You didn't know any spells.
Your spell library contained the following spells:

 Spells                   Type           Power      Damage    Failure   Level
 Sandblast                Erth           34%        2d9       11%         1
 Ensorcelled Hibernation  Hex/Ice        34%        N/A       16%         2
 Fugue of the Fallen      Necr           17%        N/A       32%         3
 Inner Flame              Hex/Fire       17%        N/A       32%         3
 Ozocubu's Armour         Ice            17%        N/A       32%         3
 Tukima's Dance           Hex            17%        N/A       32%         3
 Anguish                  Hex/Necr       8%         N/A       71%         4
 Brom's Barrelling Bould  Conj/Erth      17%        2d4       71%         4
 Flame Wave               Conj/Fire      17%        2d7       71%         4
 Martyr's Knell           Necr/Summ      17%        N/A       71%         4
 Passage of Golubria      Tloc           17%        N/A       71%         4
 Sticky Flame             Fire/Alch      17%        2d5       71%         4
 Summon Forest            Summ/Tloc      8%         N/A       96%         5
 Summon Mana Viper        Hex/Summ       17%        N/A       96%         5
 Yara's Violent Unravell  Hex/Alch       8%         3d5       96%         5
 Summon Cactus Giant      Summ           8%         N/A       100%        6
 Manifold Assault         Tloc           8%         N/A       100%        7
 Infestation              Necr           8%         N/A       100%        8


Dungeon Overview and Level Annotations

Branches:
Dungeon (12/15)            Temple (0/1) D:4            Lair (0/5) D:10
    Orc (0/2) D:9           Sewer (visited)

Altars:
Cheibriados
Fedhas
Kikubaaqudgha
Okawaru
Trog
Yredelemnul
Beogh

Shops:
D:3 [   D:6 =   D:10 [


Innate Abilities, Weirdness & Mutations

You have very sharp teeth.
Your uncanny sense of smell can sniff out nearby items.
Your experience applies equally to all skills.


Message History

The two-headed ogre is lightly wounded.
The two-headed ogre barely misses you.
The two-headed ogre hits you with a +0 giant spiked club!
You hit the two-headed ogre.
You bite the two-headed ogre, but do no damage.
The two-headed ogre is moderately wounded.
The two-headed ogre barely misses you.
The two-headed ogre hits you but does no damage.
You hit the two-headed ogre. You drain the two-headed ogre.
You bite the two-headed ogre, but do no damage.
The two-headed ogre is heavily wounded.
Your slime creature zombie hits the two-headed ogre!
You slash the two-headed ogre!
The two-headed ogre is almost dead.
The two-headed ogre hits you with a +0 giant club!
The two-headed ogre hits you with a +0 giant spiked club!!
* * * LOW HITPOINT WARNING * * *
Your slime creature zombie hits the two-headed ogre.
Things that are here:
a +0 giant club; a +0 giant club You slash the two-headed ogre!
You kill the two-headed ogre!
Their soul becomes fuel for the torch.
The dead are walking!
A catoblepas is nearby!
The komodo dragon hisses angrily.
The komodo dragon misses you.
Okay, then.
You barely miss the komodo dragon. The komodo dragon misses you.
You hit the komodo dragon.
The komodo dragon is lightly wounded.
Your two-headed ogre zombie hits the komodo dragon!
Your two-headed ogre zombie hits the komodo dragon.
The komodo dragon bites you!
* * * LOW HITPOINT WARNING * * *
Found a There-And-Back Book.
The komodo dragon attacks as it pursues you!
The komodo dragon bites you!
You die...
Your body rises from the dead as a mindless zombie.

#.#.###.###.# ..
...# #..# #.# #.#
..# #Z## #.# ..#
.#####)# #.# .[#
#..)Y####.##.#
.....##..Z##)#..#
#### ###..Z...#
#####l..###
#....@....#
#......>..#
#.........#
#..<......#
#.........#
#.........#
####......#
#:.....#


You could see a komodo dragon (ally target) and a friendly two-headed ogre
zombie.

Vanquished Creatures
  4 two-headed ogres
  A deep elf pyromancer (D:12)
  2 manticores
  Maurice (D:8)
  A kobold demonologist (D:12)
  An unseen horror (D:10)
  3 trolls
  A hornet (D:8)
  Prince Ribbit (D:7)
  2 slime creatures (D:12)
  Sigmund (D:4)
  A shadow (D:9)
  A wyvern (D:10)
  23 yaks
  Eustachio (D:5)
  3 basilisks (D:12)
  A vampire mosquito (D:10)
  An acid dragon (D:10)
  5 water moccasins
  Duvessa (D:7)
  2 orc warriors
  2 sky beasts
  A black bear (D:7)
  3 ice beasts
  2 centaurs
  2 ogres
  3 kobold brigands
  5 bullfrogs
  A gnoll sergeant (D:11)
  3 scorpions
  Dowan (D:7)
  20 killer bees
  A howler monkey (D:8)
  3 orc priests
  4 hounds
  2 jellies
  A gnoll bouda (D:8)
  2 iguanas
  6 orc wizards
  10 adders
  9 gnolls
  2 river rats (D:3)
  A shadow imp (D:5)
  3 white imps
  3 ufetubi
  4 ribbon worms (D:3)
  31 orcs
  4 bats
  4 endoplasms
  2 giant cockroaches
  3 goblins
  6 hobgoblins
  6 jackals
  14 kobolds
  5 quokkas
  5 ball pythons
  A frilled lizard (D:1)
  2 rats
234 creatures vanquished.

Vanquished Creatures (collateral kills)
  2 two-headed ogres
  A cyclops (D:9)
  A komodo dragon (D:12)
  2 slime creatures (D:12)
  A shadow (D:11)
  A wraith (D:10)
  2 wyverns (D:10)
  A basilisk (D:12)
  5 yaks
  A vampire mosquito (D:10)
  2 acid dragons (D:11)
  An orc warrior (D:9)
  Pargi (Sewer)
  An ice beast (D:7)
  A centaur (D:11)
  A bullfrog (D:7)
  4 killer bees
  2 gnolls
  An adder (D:4)
  An ufetubus (D:6)
  11 orcs
  An endoplasm (D:4)
  A goblin (D:4)
  2 jackals (Sewer)
  6 kobolds
53 creatures vanquished.

Vanquished Creatures (others)
  A slime creature zombie (D:12)
  2 two-headed ogre zombies (D:12)
  An elf zombie (D:12)
  A komodo dragon zombie (D:12)
  A wyvern zombie (D:10)
  3 water moccasin zombies (D:10)
  2 troll zombies
  3 yak zombies
  3 bullfrog zombies
  4 basilisk zombies (D:12)
  A killer bee zombie (D:9)
  2 acid dragon zombies
  An ogre zombie (D:4)
  A hound zombie (D:6)
  A howler monkey zombie (D:8)
  A human zombie (D:4)
  An iguana zombie (D:7)
  A jelly zombie (D:4)
  2 adder zombies
  A spectral white imp (D:8)
  An endoplasm zombie (D:3)
  5 gnoll zombies (D:11)
  A goblin zombie (D:4)
  2 jackal zombies (D:4)
  6 kobold zombies
  10 orc zombies
  A quokka zombie (D:5)
59 creatures vanquished.

Grand Total: 346 creatures vanquished

Notes
Turn   | Place    | Note
-------+----------+-------------------------------------------
     0 | D:1      | Reached skill level 10 in Short Blades
     0 | D:1      | Rennog the Gnoll Wanderer began the quest for the Orb.
     0 | D:1      | Rennog set off with the following items: a +2 short sword,
                  | a +0 falchion, a +0 scale mail, a scroll of blinking.
     0 | D:1      | Reached XP level 1. HP: 13/13 MP: 6/6
   234 | D:1      | Reached XP level 2. HP: 19/19 MP: 7/7
   340 | D:1      | Reached skill level 5 in Spellcasting
   340 | D:1      | Reached XP level 3. HP: 23/25 MP: 7/9
   378 | D:1      | Found a faded altar of an unknown god.
   412 | D:1      | Prayed at the altar of an unknown god.
   412 | D:1      | Became a worshipper of Yredelemnul the Fallen
   412 | D:1      | Reached * piety under Yredelemnul
  1076 | D:2      | Reached skill level 1 in Invocations
  1201 | D:2      | Found a blossoming altar of Fedhas.
  1266 | D:3      | Reached skill level 1 in Fighting
  1266 | D:3      | Reached skill level 1 in Axes
  1266 | D:3      | Reached skill level 1 in Maces & Flails
  1266 | D:3      | Reached skill level 1 in Polearms
  1266 | D:3      | Reached skill level 1 in Staves
  1266 | D:3      | Reached skill level 1 in Ranged Weapons
  1266 | D:3      | Reached skill level 1 in Throwing
  1266 | D:3      | Reached skill level 1 in Dodging
  1266 | D:3      | Reached skill level 1 in Stealth
  1266 | D:3      | Reached skill level 1 in Shields
  1266 | D:3      | Reached skill level 1 in Unarmed Combat
  1266 | D:3      | Reached skill level 1 in Evocations
  1496 | D:3      | Reached skill level 1 in Shapeshifting
  1496 | D:3      | Reached XP level 4. HP: 32/32 MP: 11/11
  1567 | D:3      | Found a glowing drain.
  1577 | D:3      | Reached skill level 1 in Conjurations
  1577 | D:3      | Reached skill level 1 in Hexes
  1577 | D:3      | Reached skill level 1 in Summonings
  1577 | D:3      | Reached skill level 1 in Necromancy
  1577 | D:3      | Reached skill level 1 in Translocations
  1577 | D:3      | Reached skill level 1 in Fire Magic
  1577 | D:3      | Reached skill level 1 in Ice Magic
  1577 | D:3      | Reached skill level 1 in Air Magic
  1577 | D:3      | Reached skill level 1 in Earth Magic
  1577 | D:3      | Reached skill level 1 in Alchemy
  1584 | Sewer    | Entered a sewer
  1640 | Sewer    | Noticed Pargi
  1651 | Sewer    | Killed Pargi
  1652 | Sewer    | Reached XP level 5. HP: 26/37 MP: 12/12
  1704 | Sewer    | Identified the +9 falchion of Jodduver {drain, rElec Dex+3}
  2021 | D:3      | Found Noerinla's Antique Armour Boutique.
  2163 | D:3      | Reached XP level 6. HP: 44/44 MP: 13/13
  2508 | D:4      | Got Woiponyt's Atlas of the Saturnine Mantle
  2510 | D:4      | Found a staircase to the Ecumenical Temple.
  2586 | D:4      | Reached ** piety under Yredelemnul
  2850 | D:4      | Reached skill level 5 in Armour
  2906 | D:4      | Noticed Sigmund
  2911 | D:4      | Noticed a two-headed ogre
  2915 | D:4      | Killed Sigmund
  2916 | D:4      | Reached XP level 7. HP: 51/51 MP: 15/15
  2921 | D:4      | Your ally Sigmund died
  3066 | D:5      | Entered Level 5 of the Dungeon
  3120 | D:5      | Noticed Eustachio
  3135 | D:5      | Killed Eustachio
  3194 | D:5      | Found a blossoming altar of Fedhas.
  3197 | D:5      | Found a bloodstained altar of Trog.
  3201 | D:5      | Found a snail-covered altar of Cheibriados.
  3346 | D:5      | Reached XP level 8. HP: 37/58 MP: 16/16
  4130 | D:6      | Found an iron altar of Okawaru.
  4162 | D:6      | Reached skill level 11 in Short Blades
  4490 | D:6      | Found Goagec Lauc's Jewellery Boutique.
  4579 | D:6      | Found an ancient bone altar of Kikubaaqudgha.
  4593 | D:6      | Reached XP level 9. HP: 65/65 MP: 18/18
  4781 | D:7      | Reached skill level 5 in Long Blades
  4903 | D:7      | Noticed Dowan
  4904 | D:7      | Noticed Duvessa
  4909 | D:7      | Killed Duvessa
  4920 | D:7      | Killed Dowan
  4970 | D:7      | Identified the +1 robe "Lyriurh Tuix" {-Tele rN++}
  5019 | D:7      | Noticed Prince Ribbit
  5035 | D:7      | Killed Prince Ribbit
  5068 | D:7      | Reached skill level 5 in Invocations
  5139 | D:7      | Noticed a two-headed ogre
  5161 | D:7      | Killed a two-headed ogre
  5162 | D:7      | Reached skill level 5 in Fighting
  5162 | D:7      | Reached skill level 5 in Axes
  5162 | D:7      | Reached skill level 5 in Maces & Flails
  5162 | D:7      | Reached skill level 5 in Polearms
  5162 | D:7      | Reached skill level 5 in Staves
  5162 | D:7      | Reached skill level 5 in Ranged Weapons
  5162 | D:7      | Reached skill level 5 in Throwing
  5162 | D:7      | Reached skill level 5 in Dodging
  5162 | D:7      | Reached skill level 5 in Stealth
  5162 | D:7      | Reached skill level 5 in Shields
  5162 | D:7      | Reached skill level 5 in Unarmed Combat
  5162 | D:7      | Reached skill level 5 in Evocations
  5162 | D:7      | Reached XP level 10. HP: 42/74 MP: 20/20
  6321 | D:8      | Noticed Maurice
  6336 | D:8      | Killed Maurice
  6336 | D:8      | Reached *** piety under Yredelemnul
  6337 | D:8      | Reached skill level 5 in Shapeshifting
  6854 | D:9      | Reached skill level 12 in Short Blades
  7011 | D:9      | Reached skill level 5 in Conjurations
  7011 | D:9      | Reached skill level 5 in Hexes
  7011 | D:9      | Reached skill level 5 in Summonings
  7011 | D:9      | Reached skill level 5 in Necromancy
  7011 | D:9      | Reached skill level 5 in Translocations
  7011 | D:9      | Reached skill level 5 in Fire Magic
  7011 | D:9      | Reached skill level 5 in Ice Magic
  7011 | D:9      | Reached skill level 5 in Air Magic
  7011 | D:9      | Reached skill level 5 in Earth Magic
  7011 | D:9      | Reached skill level 5 in Alchemy
  7015 | D:9      | Reached XP level 11. HP: 81/81 MP: 22/22
  7131 | D:9      | Noticed a cyclops
  7141 | D:9      | Killed a cyclops
  7344 | D:9      | Found a roughly hewn altar of Beogh.
  7607 | D:9      | Found a staircase to the Orcish Mines.
  7926 | D:10     | Entered Level 10 of the Dungeon
  7938 | D:10     | Noticed a two-headed ogre
  7944 | D:10     | Killed a two-headed ogre
  8301 | D:10     | Found a staircase to the Lair.
  8364 | D:10     | Reached **** piety under Yredelemnul
  8443 | D:10     | Found Noxiga Dil's Armour Boutique.
  8443 | D:10     | Noticed an animated shadow dragon scales
  8444 | D:10     | Noticed an animated gold dragon scales
  8660 | D:10     | Noticed a manticore
  8671 | D:10     | Killed a manticore
  8796 | D:10     | Reached XP level 12. HP: 81/91 MP: 24/24
  9333 | D:11     | Identified the +1 trident of Ruination {antimagic, Dex+5}
  9553 | D:12     | Noticed a two-headed ogre
  9637 | D:12     | Noticed a two-headed ogre
  9642 | D:12     | Noticed a catoblepas
  9671 | D:12     | Killed a two-headed ogre
  9726 | D:12     | Noticed a two-headed ogre
  9733 | D:12     | Killed a two-headed ogre
  9737 | D:12     | Killed a two-headed ogre
  9786 | D:12     | Noticed a two-headed ogre
  9809 | D:12     | Killed a two-headed ogre
  9821 | D:12     | Slain by a komodo dragon

Illustrated notes

Levels and vault maps discovered:
D:1:      dpeg_arrival_chambers_temple_mockup, layout_rooms,
          hellmonk_ecumenical_altar_pennies_from_heaven, nicolae_grassy_gnolls
D:2:      layout_loops_ring, basic_altar
D:3:      layout_basic, lightli_sewer_entry_pipes, serial_shops,
          nicolae_shop_overgrown_old_shop
D:4:      layout_loops_ring, minmay_temple_entry_tees, st_stairs_8,
          minmay_manual_mail, uniq_sigmund
D:5:      layout_basic, grunt_temple_overflow_diamond, uniq_eustachio
D:6:      layout_basic, mainiacjoe_overflow_catwalk_spiral,
          minmay_shop_enchanted_jewellery
D:7:      layout_loops_ring, hangedman_decor_points, dk_noncrumbling_3,
          uniq_prince_ribbit1, uniq_duvessa
D:8:      layout_loops_corners, chequers_serial_rivers_micro_d,
          grunt_decor_resistance, st_stairs_11, uniq_maurice
D:9:      layout_cave_pods, david_orc_5
D:10:     layout_long_grid, minmay_lair_entry_grove, serial_shops,
          nicolae_shop_mannequins, grunt_decor_mini_mirrors
D:11:     layout_long_grid, serial_shops, shop, bloody_makhleb
D:12:     minmay_roctagon, layout_basic

Skill      XL: |  1  2  3  4  5  6  7  8  9 10 11 12 |
---------------+-------------------------------------+-----
Short Blades   | 11 12 | 12.9
Spellcasting   | 5 6 7 8 9 |  9.3
Invocations    | 1 2 3 4 5 6 7 8 |  8.5
Fighting       | 1 2 3 5 6 7 |  7.8
Axes           | 1 2 3 5 6 7 |  7.8
Maces & Flails | 1 2 3 5 6 7 |  7.8
Polearms       | 1 2 3 5 6 7 |  7.8
Staves         | 1 2 3 5 6 7 8 |  8.2
Ranged Weapons | 1 2 3 5 6 7 |  7.8
Throwing       | 1 2 3 5 6 7 |  7.8
Dodging        | 1 2 3 5 6 7 |  7.8
Stealth        | 1 2 3 5 6 7 |  7.8
Shields        | 1 2 3 5 6 7 |  7.8
Unarmed Combat | 1 2 3 5 6 7 |  7.8
Evocations     | 1 2 3 5 6 7 |  7.8
Shapeshifting  | 1 2 3 4 5 6 7 |  7.1
Conjurations   | 1 2 3 4 5 6 |  6.5
Hexes          | 1 2 3 4 5 6 |  6.5
Summonings     | 1 2 3 4 5 6 |  6.5
Necromancy     | 1 2 3 4 5 6 |  6.5
Translocations | 1 2 3 4 5 6 |  6.5
Fire Magic     | 1 2 3 4 5 6 |  6.5
Ice Magic      | 1 2 3 4 5 6 |  6.5
Air Magic      | 1 2 3 4 5 6 |  6.5
Earth Magic    | 1 2 3 4 5 6 |  6.5
Alchemy        | 1 2 3 4 5 6 |  6.5
Long Blades    | 3 4 5 6 7 8 |  8.3
Armour         | 5 6 7 8 9 |  9.1

Action                     |  1- 3 |  4- 6 |  7- 9 | 10-12 || total
---------------------------+-------+-------+-------+-------++-------
  Melee: Short sword       |    87 |    69 |       |       ||   156
         Bite              |     7 |    10 |    22 |    66 ||   105
         Falchion          |       |    75 |   224 |   481 ||   780
 Invoke: Light the Black T |       |     3 |     2 |     5 ||    10
         Recall Undead Har |       |     1 |     1 |     1 ||     3
         Hurl Torchlight   |       |       |       |     1 ||     1
   Stab: Distracted        |       |       |       |     7 ||     7
 Armour: Scale mail        |    39 |    34 |       |       ||    73
         Chain mail        |       |    28 |   170 |   321 ||   519
  Dodge: Dodged            |    21 |    94 |   231 |   440 ||   786

Table legend: (Time is in decaauts)
 A = Elapsed time spent in this place.
 B = Non-inter-level travel time spent in this place.
 C = Inter-level travel time spent in this place.
 D = Time resting spent in this place.
 E = Time spent auto-exploring this place.
 F = Levels seen in this place.
 G = Mean time per level.
                   A        B        C        D        E       F      G
               +--------+--------+--------+--------+--------+-----+--------+
         Total |   9789 |   9034 |    755 |    341 |   6788 |  13 |  753.0 |
       Dungeon |   9601 |   8846 |    755 |    341 |   6678 |  12 |  800.1 |
         Sewer |    187 |    187 |      0 |      0 |    109 |   1 |  187.0 |
               +--------+--------+--------+--------+--------+-----+--------+

Top non-repeatable levels by time:
     D:8: 1173 daAuts
     D:9: 1156 daAuts
    D:10: 1139 daAuts
     D:3: 1117 daAuts
     D:7: 921 daAuts
     D:5: 838 daAuts
     D:6: 781 daAuts
     D:1: 607 daAuts
     D:2: 585 daAuts
     D:4: 541 daAuts
    D:12: 466 daAuts
    D:11: 272 daAuts
   Sewer: 187 daAuts
